 Dungeon Crawl Stone Soup version 0.28.0-53-g5a82cb258f (webtiles) character file.

Game seed: 12552895840086617062

302003 diecastcamel the Bludgeoner (level 21, 181/181 HPs)
             Began as a Gnoll Hedge Wizard on Mar 2, 2022.
             Was a High Priest of Ashenzari.
             Quit the game on level 15 of the Dungeon on July 15, 2022.
             The game lasted 09:20:23 (65101 turns).

diecastcamel the Bludgeoner (Gnoll Hedge Wizard)   Turns: 65101, Time: 09:20:24

Health: 181/181    AC: 18    Str: 11      XL:     21   Next: 5%
Magic:  46/46      EV: 38    Int: 27 (29) God:    Ashenzari [*****.]
Gold:   4167       SH: 17    Dex: 16      Spells: 9/62 levels left

rFire   + . .      SeeInvis +   x - +7 mace "Ensconced Together" {vorpal, rC+ Dex+7, Elem, Self} (curse)
rCold   + + .      Faith    .   y - +2 kite shield of Ashenzari's Mutualism {rN+, Alch, Self} (curse)
rNeg    + + .      Spirit   .   u - +3 leather armour of Panopticon {rC+ rF+, Self, Range} (curse)
rPois   .          Reflect  .   c - +2 hat of Curses and Power {Elem, Range} (curse)
rElec   +          Harm     .   d - +0 cloak "Per Aspera Ad Scientiam" {Fort, Bglg} (curse)
rCorr   .          Rampage  .   w - +1 pair of gloves "Cursed Together" {Fly, Fort, Bglg} (curse)
Will    ++...      Clarity  +   C - +2 pair of boots {Stlth+}
Stlth   +++++++...              H - amulet "I Knew You'd Do That" {Acrobat, Comp, Range} (curse)
HPRegen 0.40/turn               b - ring of Ashenzari's Activism {rElec rN+ Will+ EV+4 Int+6 Dex-3, Elem, Self} (curse)
MPRegen 0.30/turn               K - ring of the Celestial Sage {Wiz, Alch, Comp} (curse)

@: acrobatic, flying, studying Maces & Flails
A: fangs 1, strong nose, distributed training
}: 2/15 runes: serpentine, barnacled
a: Renounce Religion, Shatter the Chains


You were on level 15 of the Dungeon.
You worshipped Ashenzari.
Ashenzari was extremely pleased with you.
You visited 7 branches of the dungeon, and saw 35 of its levels.
You also visited: Bailey, Gauntlet, Ice Cave and Volcano.

You collected 5806 gold pieces.
You spent 1639 gold pieces at shops.

Inventory:

Hand Weapons
 f - the +10 rapier of the Final Friars {drain, rPois Stlth+}
   (You bought it in a shop on level 4 of the Dungeon)

   A truly terrible weapon, it drains the life of any living foe it strikes.
   rPois:     It protects you from poison.
   Stlth:     It makes you more stealthy.
 x - the cursed +7 mace "Ensconced Together" (weapon) {vorpal, rC+ Dex+7, Elem, Self}
   (You took it off a yaktaur captain on level 11 of the Dungeon)

   It inflicts extra damage upon your enemies.
   Dex:       It affects your dexterity (+7).
   rC:        It protects you from cold.
   It has a curse which improves the following skills: Elements: Fire Magic, Ice
   Magic, Air Magic and Earth Magic.
   Introspection: Fighting and Spellcasting.
Missiles
 Z - a throwing net
Armour
 c - the cursed +2 hat of Curses and Power (worn) {Elem, Range}

   It has a curse which improves the following skills: Elements: Fire Magic, Ice
   Magic, Air Magic and Earth Magic.
   Ranged Combat: Slings, Bows, Crossbows and Throwing.
 d - the cursed +0 cloak "Per Aspera Ad Scientiam" (worn) {Fort, Bglg}
   (You found it on level 3 of the Lair of Beasts)

   It has a curse which improves the following skills: Fortitude: Armour and
   Shields.
   Beguiling: Conjurations, Hexes and Translocations.
 u - the cursed +3 leather armour of Panopticon (worn) {rC+ rF+, Self, Range}
   (You found it in an ice cave)

   It has a curse which improves the following skills: Introspection: Fighting
   and Spellcasting.
   Ranged Combat: Slings, Bows, Crossbows and Throwing.
 w - the cursed +1 pair of gloves "Cursed Together" (worn) {Fly, Fort, Bglg}
   (You acquired it in a bailey)

   Fly:       It grants you flight.
   It has a curse which improves the following skills: Fortitude: Armour and
   Shields.
   Beguiling: Conjurations, Hexes and Translocations.
 y - the cursed +2 kite shield of Ashenzari's Mutualism (worn) {rN+, Alch, Self}
   (You took it off a naga warrior on level 2 of the Snake Pit)

   It has a curse which improves the following skills: Alchemy: Poison Magic and
   Transmutations.
   Introspection: Fighting and Spellcasting.
 C - a +2 pair of boots of stealth (worn)
 D - a +0 tower shield of protection
 U - a +1 helmet
Jewellery
 b - the cursed ring of Ashenzari's Activism (left hand) {rElec rN+ Will+ EV+4 Int+6 Dex-3, Elem, Self}
   (You acquired it on level 6 of the Lair of Beasts)

   [ring of evasion]

   EV:        It affects your evasion (+4).
   Int:       It affects your intelligence (+6).
   Dex:       It affects your dexterity (-3).
   rElec:     It insulates you from electricity.
   rN:        It protects you from negative energy.
   Will:      It increases your willpower.
   It has a curse which improves the following skills: Elements: Fire Magic, Ice
   Magic, Air Magic and Earth Magic.
   Introspection: Fighting and Spellcasting.
 H - the cursed amulet "I Knew You'd Do That" (around neck) {Acrobat, Comp, Range}
   (You found it on level 11 of the Dungeon)

   [amulet of the acrobat]

   It increases your evasion while moving and waiting.
   It has a curse which improves the following skills: Companions: Summonings
   and Necromancy.
   Ranged Combat: Slings, Bows, Crossbows and Throwing.
 K - the cursed ring of the Celestial Sage (right hand) {Wiz, Alch, Comp}
   (You bought it in a shop on level 7 of the Dungeon)

   [ring of wizardry]

   It improves your spell success rate.
   It has a curse which improves the following skills: Alchemy: Poison Magic and
   Transmutations.
   Companions: Summonings and Necromancy.
 L - an amulet of reflection
 R - the ring of the Stallion {rElec rPois Dex+6 Slay+3}
   (You took it off a deep elf elementalist on level 3 of the Elven Halls)

   [ring of dexterity]

   Dex:       It affects your dexterity (+6).
   Slay:      It affects your accuracy & damage with ranged weapons and melee
   (+3).
   rElec:     It insulates you from electricity.
   rPois:     It protects you from poison.
Wands
 o - a wand of acid (9)
 p - a wand of iceblast (14)
 G - a wand of mindburst (24)
 J - a wand of flame (13)
 P - a wand of paralysis (8)
 X - a wand of charming (7)
Scrolls
 g - 5 scrolls of blinking
 h - 5 scrolls of amnesia
 k - 3 scrolls of teleportation
 l - 3 scrolls of holy word
 m - 11 scrolls of immolation
 r - 4 scrolls of fear
 z - 4 scrolls of magic mapping
 E - 2 scrolls of silence
 I - 2 scrolls of summoning
 N - 5 scrolls of fog
Potions
 e - 4 potions of magic
 i - 6 potions of haste
 q - 5 potions of cancellation
 t - 6 potions of mutation
 v - 5 potions of brilliance
 A - 10 potions of curing
 B - 5 potions of heal wounds
 F - 3 potions of ambrosia
 Q - 2 potions of invisibility
 T - 4 potions of might
 W - 2 potions of resistance
Miscellaneous
 j - a phial of floods
 s - a box of beasts
 M - a phantom mirror
 O - a condenser vane
 S - a lightning rod (4/4)
 V - a tin of tremorstones (2/2)


   Skills:
 + Level 14.1(19.6) Fighting
 + Level 14.1 Short Blades
 + Level 14.1 Long Blades
 + Level 14.1 Axes
 + Level 19.2 Maces & Flails
 + Level 14.1 Polearms
 + Level 14.1 Staves
 + Level 14.1(18.6) Slings
 + Level 14.1(18.6) Bows
 + Level 14.1(18.6) Crossbows
 + Level 14.1(18.6) Throwing
 + Level 14.1(17.5) Armour
 + Level 14.8 Dodging
 + Level 14.7 Stealth
 + Level 14.1(17.5) Shields
 + Level 14.1 Unarmed Combat
 + Level 15.7(21.1) Spellcasting
 + Level 12.2(15.6) Conjurations
 + Level 12.0(15.4) Hexes
 + Level 12.2(15.6) Summonings
 + Level 12.0(15.4) Necromancy
 + Level 12.2(15.6) Translocations
 + Level 12.0(15.4) Transmutations
 + Level 12.0(16.5) Fire Magic
 + Level 12.0(16.5) Ice Magic
 + Level 12.0(16.5) Air Magic
 + Level 12.0(16.5) Earth Magic
 + Level 12.0(15.4) Poison Magic
 + Level 15.3 Invocations
 + Level 14.1 Evocations


You had 9 spell levels left.
You knew the following spells:

 Your Spells              Type           Power      Damage    Failure   Level
a - Magic Dart            Conj           100%       1d8       0%          1
b - Blink                 Tloc           100%       N/A       0%          2
c - Call Imp              Summ           85%        N/A       0%          2
d - Conjure Flame         Conj/Fire      86%        6-21      0%          3
e - Mephitic Cloud        Conj/Pois/Air  85%        N/A       0%          3
f - Monstrous Menagerie   Summ           42%        N/A       1%          7
g - Lehudib's Crystal Sp  Conj/Erth      43%        10d10     9%          8
h - Stone Arrow           Conj/Erth      100%       3d13      0%          3
i - Summon Lightning Spi  Summ/Air       86%        N/A       1%          4
j - Iron Shot             Conj/Erth      43%        9d8       1%          6
k - Spellforged Servitor  Conj/Summ      42%        N/A       1%          7
l - Haunt                 Necr/Summ      42%        N/A       1%          7

Your spell library contained the following spells:

 Spells                   Type           Power      Damage    Failure   Level
 Apportation              Tloc           100%       N/A       0%          1
 Foxfire                  Conj/Fire      100%       2x1d9     0%          1
 Freeze                   Ice            100%       1d11      0%          1
 Sandblast                Erth           100%       2d20      0%          1
 Slow                     Hex            100%       N/A       0%          1
 Ensorcelled Hibernation  Hex/Ice        100%       N/A       0%          2
 Passwall                 Tmut/Erth      71%        N/A       0%          2
 Call Canine Familiar     Summ           85%        N/A       0%          3
 Frozen Ramparts          Ice            100%       1d12      0%          3
 Inner Flame              Hex/Fire       86%        N/A       0%          3
 Ozocubu's Armour         Ice            87%        N/A       0%          3
 Portal Projectile        Hex/Tloc       100%       N/A       0%          3
 Swiftness                Air            87%        N/A       0%          3
 Tukima's Dance           Hex            84%        N/A       0%          3
 Airstrike                Air            43%        N/A       1%          4
 Animate Dead             Necr           42%        N/A       1%          4
 Flame Wave               Conj/Fire      86%        2d15      1%          4
 Hailstorm                Conj/Ice       86%        3d17      1%          4
 Leda's Liquefaction      Hex/Erth       43%        N/A       1%          4
 Passage of Golubria      Tloc           85%        N/A       1%          4
 Sticky Flame             Conj/Fire      86%        2d10      1%          4
 Summon Ice Beast         Ice/Summ       86%        N/A       1%          4
 Alistair's Intoxication  Tmut/Pois      56%        N/A       1%          5
 Blade Hands              Tmut           42%        N/A       1%          5
 Irradiate                Conj/Tmut      42%        3d27      1%          5
 Iskenderun's Battlesphe  Conj           85%        2d13      1%          5
 Lightning Bolt           Conj/Air       43%        1d62      1%          5
 Metabolic Englaciation   Hex/Ice        43%        N/A       1%          5
 Silence                  Hex/Air        43%        N/A       1%          5
 Summon Mana Viper        Hex/Summ       85%        N/A       1%          5
 Simulacrum               Ice/Necr       43%        N/A       1%          6
 Dragon Form              Tmut           42%        N/A       1%          7
 Summon Hydra             Summ           42%        N/A       1%          7
 Discord                  Hex            42%        N/A       12%         8
 Infestation              Necr           42%        N/A       12%         8
 Chain Lightning          Conj/Air       43%        3d57      77%         9
 Fire Storm               Conj/Fire      43%        8d11      77%         9


Dungeon Overview and Level Annotations

Branches:
Dungeon (15/15)            Temple (1/1) D:5            Lair (6/6) D:9
 Shoals (4/4) Lair:2        Snake (4/4) Lair:3        Slime (0/5) Lair:5
    Orc (2/2) D:12            Elf (3/3) Orc:2        Vaults (0/5) D:14
 Depths (0/4) D:15         Bailey (visited)           IceCv (visited)
Volcano (visited)         Gauntlet (visited)

Altars:
Ashenzari
Cheibriados
Dithmenos
Elyvilon
Fedhas
Gozag
Hepliaklqana
Kikubaaqudgha
Makhleb
Nemelex Xobeh
Okawaru
Qazlal
Ru
Sif Muna
Trog
Uskayaw
Vehumet
Wu Jian
Xom
Yredelemnul
Zin
The Shining One
Beogh
Jiyva

Shops:
D:4 (   D:7 *   D:8 **[   Orc:2 *[(=   Elf:1 !   Shoals:1 *   Shoals:2 *
Snake:2 =:=   Snake:4 !

Annotations:
D:12 3 runed translucent doors, Xeikkuus's ghost, journeyman MiFi
Shoals:2 2 runed translucent doors, qdestroyer's ghost, journeyman MiFi
Elf:2 3 runed translucent doors


Innate Abilities, Weirdness & Mutations

You have very sharp teeth.
Your uncanny sense of smell can sniff out nearby items.
Your experience applies equally to all skills.


Message History

There is an open door here.
You see here an ugly thing skeleton.
There is a fountain of sparkling water here.
Things that are here:
14 bolts; a +0 arbalest; a yaktaur skeleton
h - 5 scrolls of amnesia (gained 1);
t - 6 potions of mutation (gained 1)
You now have 4167 gold pieces (gained 45).
Your pack is full.
Items here: ( ))) = [[.
Your pack is full.
Items here: ( ))) = [[.
Could not pick up a ring of willpower here; ([A]lways) ignore it? [Y]es, [N]o, or [A]lways only, please.
Could not pick up a ring of willpower here; ([A]lways) ignore it?
There is an open door here.
There is an open door here.
There is an open door here.
Things that are here:
a +0 robe; a +2 vorpal flail
Things that are here:
a +0 leather armour; a +0 battleaxe You drop a +6 ring of strength.
You drop the ring of Circularity {rC+ Will+ Stlth+}.
You drop the amulet "Ipanenurac" {rC+ Regen+ rCorr Slay+3 SInv}.
Saving game... please wait.
Welcome back, diecastcamel the Gnoll Hedge Wizard.
Ashenzari says: Partake of my vision.
Partake of my curse.
Press ? for a list of commands and other information.
You reach down and open the door.
There is an open door here.
Saving game... please wait.
Welcome back, diecastcamel the Gnoll Hedge Wizard.
Ashenzari says: Partake of my vision.
Partake of my curse.
Press ? for a list of commands and other information.
Welcome back, diecastcamel the Gnoll Hedge Wizard.
Ashenzari says: Partake of my vision.
Partake of my curse.
Press ? for a list of commands and other information.
Search for what [? for help]? dragon Unknown command.
Are you sure you want to abandon this character and quit the game? (Confirm with "yes".)

##......##≈≈≈≈≈≈##.#.#.(#######
##..#†#.###########'#'##('...##
##......##########.#.#.#'#.#.#.
##..)#..##......#......#....#..
##......##...#.#'#.##..#.#...#.
##...#.#.##..#...#..#.#.#..#....
#........##.#...#+#..##.###.#..[
#..##.#..##......#......##...)"|
#........##.#.#@########+#######
##...#.#.###'#'##.[...)##......#
#^......##.#[#.##..(†..#.##..#+
###...#..##.[...#+.#....#......#
####.....##.##...#(....(#..##.#'
####..#.#(#..#.#.#'#..#..#..).(.#
#####.....##..##..###....#.#.#.##
####...#).##.....###+#'#.##'#'###
#####.....####.####.#†####.#†#.##


There were no monsters in sight!

Vanquished Creatures
  Rupert (Orc:2)
  Jorgrun (Orc:2)
  A deep elf sorcerer (Elf:3)
  A very ugly thing (D:15)
  A deep elf elementalist (Elf:3)
  2 deep elf annihilators (Elf:3)
  A stone giant (Orc:2)
  A deep elf demonologist (Elf:3)
  An ettin (Orc:2)
  Snorg (Lair:5)
  3 merfolk impalers
  A deep elf death mage (Elf:3)
  A fire dragon (Lair:6)
  3 boulder beetles
  2 merfolk javelineers (Shoals:3)
  A yaktaur captain (D:15)
  5 naga warriors
  A rakshasa (D:15)
  2 ogre magi (D:15)
  7 hydras
  A catoblepas (Lair:4)
  5 two-headed ogres
  A merfolk aquamancer (Shoals:4)
  2 merfolk avatars
  3 centaur warriors
  An anaconda (Snake:4)
  6 dancing weapons
  A satyr (Shoals:4)
  A deep troll earth mage (D:11)
  A naga sharpshooter (Snake:4)
  Nergalle (Lair:4)
  3 shock serpents
  A deep elf knight (Elf:2)
  5 skeletal warriors
  11 sea snakes
  A salamander mystic (Snake:4)
  An orange crystal statue (IceCv)
  3 deep elf archers
  12 harpies
  2 mana vipers
  An orc knight (Bailey)
  10 deep elf pyromancers
  An orc sorcerer (D:12)
  3 deep elf zephyrmancers (Elf:2)
  A necromancer (D:15)
  5 manticores
  An oklob plant (Lair:5)
  3 wolf spiders
  5 cyclopes
  6 ugly things
  6 salamanders
  A faun (Shoals:2)
  6 naga magi
  An ice statue (Lair:4)
  2 merfolk sirens
  15 black mambas
  An elephant (Lair:6)
  A torpor snail (Lair:1)
  A water nymph (Shoals:1)
  An unseen horror (shapeshifter) (D:15)
  A freezing wraith (Lair:4)
  13 cane toads
  A yaktaur (D:15)
  7 rime drakes
  2 storm dragon simulacra (IceCv)
  2 efreet
  13 komodo dragons
  A golden dragon simulacrum (IceCv)
  2 trolls
  6 merfolk
  5 blink frogs (Lair:2)
  2 wind drakes
  6 slime creatures
  A hornet (D:9)
  A raiju (Lair:6)
  6 polar bears
  7 dream sheep
  A snapping turtle (Shoals:4)
  2 air elementals
  A shadow (D:10)
  A wraith (D:12)
  4 wyverns
  37 yaks
  4 water elementals
  5 fire elementals
  3 vampire mosquitoes
  A yak (shapeshifter) (D:15)
  4 basilisks
  2 steam dragons (Lair:6)
  7 wargs
  A swamp worm (shapeshifter) (Elf:2)
  21 nagas
  13 water moccasins
  2 acid dragons
  11 hell hounds (Lair:6)
  A swamp drake (Lair:6)
  5 ice beasts
  16 orc warriors
  An ice dragon simulacrum (IceCv)
  A necrophage (D:6)
  A sky beast (D:6)
  11 black bears
  2 boggarts (D:14)
  20 wolves
  3 centaurs
  3 ogres
  A hornet zombie (D:6)
  12 bullfrogs
  2 kobold brigands (D:7)
  2 scorpions
  2 gnoll sergeants
  An earth elemental (Elf:1)
  A water moccasin skeleton (D:5)
  4 lindwurm simulacra (IceCv)
  9 wights
  2 howler monkeys
  3 electric eels (Lair:2)
  3 centaur zombies
  A bullfrog zombie (D:6)
  2 hounds
  A gnoll shaman (D:5)
  16 orc priests
  A bullfrog skeleton (D:7)
  3 centaur skeletons
  10 iguanas
  14 orc wizards
  3 killer bee zombies
  A hound skeleton (D:5)
  A howler monkey zombie (D:8)
  18 gnolls
  7 adders
  4 white imps
  3 ufetubi (D:5)
  2 adder skeletons (D:4)
  A worm (D:4)
  4 dart slugs
  84 orcs
  5 bats
  3 endoplasms
  6 giant cockroaches
  15 goblins
  3 hobgoblins
  3 jackals
  8 kobolds
  5 quokkas
  5 ball pythons
  7 frilled lizards
  6 rats
714 creatures vanquished.

Vanquished Creatures (collateral kills)
  Mara (Snake:3)
  Saint Roka (Orc:2)
  Vashnia (Snake:4)
  A golden dragon (IceCv)
  2 deep elf blademasters (Elf:3)
  2 deep elf master archers (Elf:3)
  A sphinx (D:15)
  9 nagarajas (Snake:4)
  A tengu reaver (D:15)
  3 deep elf sorcerers (Elf:3)
  A frost giant (Shoals:4)
  4 deep elf elementalists (Elf:3)
  The ghost of Ytheofip the Cleaver, a journeyman FoFi of Okawaru (D:14)
  6 deep elf demonologists
  A red draconian (Volcano)
  An entropy weaver (shapeshifter) (Elf:3)
  4 deep elf annihilators (Elf:3)
  3 ettins
  2 fire dragons (D:15)
  4 deep elf death magi (Elf:3)
  7 merfolk impalers
  3 merfolk javelineers
  A deep elf high priest (Elf:3)
  3 yaktaur captains
  5 ice dragons (IceCv)
  8 hydras
  A salamander tyrant (Snake:4)
  7 boulder beetles
  3 ogre magi
  2 catoblepae
  15 naga warriors
  6 merfolk avatars
  A two-headed ogre (shapeshifter) (D:15)
  6 anacondas
  13 centaur warriors
  A merfolk aquamancer (Shoals:4)
  5 satyrs
  2 dancing weapons
  A tengu warrior (D:15)
  3 two-headed ogres
  15 naga sharpshooters
  2 deep elf knights (Elf:1)
  7 shock serpents
  The ghost of zeram the Nimble, a journeyman SpFi of Dithmenos (Lair:2)
  7 skeletal warriors
  2 salamander mystics
  13 sea snakes
  A goliath frog (shapeshifter) (D:15)
  A swamp dragon (Lair:6)
  3 naga ritualists
  5 deep elf archers
  A phantasmal warrior (D:15)
  2 wizards (D:14)
  14 harpies
  7 deep elf zephyrmancers
  2 orc knights
  10 deep elf pyromancers
  22 ugly things
  An orc sorcerer (Elf:3)
  13 manticores
  10 fauns
  18 cyclopes
  4 mana vipers
  9 merfolk sirens
  6 guardian serpents
  13 salamanders
  16 black mambas
  5 water nymphs
  A guardian serpent (shapeshifter) (D:15)
  4 storm dragon simulacra (IceCv)
  2 cane toads
  15 naga magi
  3 komodo dragons
  An efreet (D:14)
  2 yaktaurs (D:15)
  2 nameless horrors
  4 golden dragon simulacra (IceCv)
  2 freezing wraiths
  4 trolls
  5 wind drakes
  A meliai (D:14)
  19 merfolk
  A hornet (shapeshifter) (D:15)
  A wolf spider simulacrum (D:15)
  6 polar bears
  A blink frog (shapeshifter) (D:15)
  A slime creature (D:14)
  5 snapping turtles
  4 dream sheep
  A centaur simulacrum (D:15)
  6 water elementals (Shoals:4)
  An air elemental (Elf:1)
  A vampire (D:13)
  A wyvern (Lair:3)
  A fire elemental (Elf:1)
  6 yaks (Lair:5)
  10 basilisks
  A redback (D:15)
  10 vampire mosquitoes
  A steam dragon (Lair:5)
  Menkaure (D:4)
  2 wargs
  33 nagas
  2 acid dragons
  5 hell hounds (Lair:6)
  3 water moccasins
  4 orc warriors
  4 ice beasts (Lair:4)
  4 black bears (Lair:6)
  9 wolves
  3 ogres (Orc:1)
  3 boggarts (D:14)
  4 ice dragon simulacra (IceCv)
  A centaur (D:13)
  2 bullfrogs
  A lindwurm simulacrum (IceCv)
  5 orc priests
  3 orc wizards
  3 adders
  A white imp (Lair:4)
  20 orcs
  A goblin (D:3)
  A ball python (D:3)
  2 rats (D:3)
592 creatures vanquished.

Vanquished Creatures (others)
  2 deep elf knights
  A deep elf archer (Elf:2)
  A wizard (D:15)
  A boggart (D:14)
  2 bushes (Lair:6)
  62 fungi
  167 plants
  29 tentacles
265 creatures vanquished.

Grand Total: 1571 creatures vanquished

Notes
Turn   | Place    | Note
-------+----------+-------------------------------------------
     0 | D:1      | diecastcamel the Gnoll Hedge Wizard began the quest for the
                  | Orb.
     0 | D:1      | Reached XP level 1. HP: 13/13 MP: 8/8
   506 | D:1      | Reached XP level 2. HP: 19/19 MP: 8/10
   509 | D:1      | Learned a level 2 spell: Blink
   512 | D:1      | Learned a level 2 spell: Call Imp
  1539 | D:2      | Reached XP level 3. HP: 25/25 MP: 9/11
  1579 | D:2      | Learned a level 3 spell: Conjure Flame
  1583 | D:2      | Learned a level 3 spell: Mephitic Cloud
  2076 | D:2      | Reached skill level 1 in Invocations
  2158 | D:2      | Found a faded altar of an unknown god.
  2542 | D:3      | Reached skill level 1 in Fighting
  2542 | D:3      | Reached skill level 1 in Short Blades
  2542 | D:3      | Reached skill level 1 in Long Blades
  2542 | D:3      | Reached skill level 1 in Axes
  2542 | D:3      | Reached skill level 1 in Maces & Flails
  2542 | D:3      | Reached skill level 1 in Polearms
  2542 | D:3      | Reached skill level 1 in Staves
  2542 | D:3      | Reached skill level 1 in Slings
  2542 | D:3      | Reached skill level 1 in Bows
  2542 | D:3      | Reached skill level 1 in Crossbows
  2542 | D:3      | Reached skill level 1 in Throwing
  2542 | D:3      | Reached skill level 1 in Armour
  2542 | D:3      | Reached skill level 1 in Shields
  2542 | D:3      | Reached skill level 1 in Unarmed Combat
  2542 | D:3      | Reached skill level 1 in Evocations
  2542 | D:3      | Reached XP level 4. HP: 17/32 MP: 7/13
  3090 | D:3      | Reached skill level 1 in Hexes
  3090 | D:3      | Reached skill level 1 in Necromancy
  3090 | D:3      | Reached skill level 1 in Transmutations
  3090 | D:3      | Reached skill level 1 in Fire Magic
  3090 | D:3      | Reached skill level 1 in Ice Magic
  3090 | D:3      | Reached skill level 1 in Air Magic
  3090 | D:3      | Reached skill level 1 in Earth Magic
  3090 | D:3      | Reached skill level 1 in Poison Magic
  3724 | D:3      | Reached XP level 5. HP: 35/37 MP: 11/14
  4270 | D:4      | Found Widokly's Antique Weapon Shoppe.
  4336 | D:4      | Identified the +8 falchion of Aveletiy {freeze, rCorr}
  4701 | D:4      | Reached XP level 6. HP: 30/44 MP: 16/16
  5237 | D:4      | Noticed Menkaure
  5245 | D:4      | Killed Menkaure
  5246 | D:4      | Reached skill level 2 in Maces & Flails
  5246 | D:4      | Reached skill level 5 in Dodging
  5493 | D:4      | Found a blossoming altar of Fedhas.
  5650 | D:5      | Entered Level 5 of the Dungeon
  5965 | D:5      | Noticed a black bear
  6045 | D:5      | Found a staircase to the Ecumenical Temple.
  6055 | D:5      | Reached XP level 7. HP: 47/50 MP: 14/18
  6076 | Temple   | Entered the Ecumenical Temple
  6327 | Temple   | Became a worshipper of Ashenzari the Shackled
  6582 | D:5      | Reached skill level 5 in Stealth
  6869 | D:5      | Reached XP level 8. HP: 54/57 MP: 14/19
  7121 | D:5      | Reached skill level 3 in Maces & Flails
  7400 | D:5      | Noticed a yak
  7410 | D:5      | Killed a yak
  8657 | D:6      | Reached skill level 4 in Maces & Flails
  8699 | D:4      | Bought a pitted rapier for 189 gold pieces
  8699 | D:4      | Identified the +10 rapier of the Final Friars {drain, rPois
                  | Stlth+} (You bought it in a shop on level 4 of the Dungeon)
  8838 | D:6      | Reached XP level 9. HP: 64/65 MP: 17/21
  9284 | D:7      | Found Ateadgh's General Store.
  9371 | D:7      | Found a flagged portal.
  9417 | Bailey   | Entered a bailey
  9896 | Bailey   | Noticed an orc knight
  9929 | Bailey   | Killed an orc knight
  9930 | Bailey   | Reached skill level 5 in Maces & Flails
  9938 | Bailey   | Reached skill level 5 in Invocations
 10042 | Bailey   | Acquired the +1 pair of gloves "Yhiecle" {Fly}
 10055 | Bailey   | Reached * piety under Ashenzari
 10271 | Bailey   | Noticed an orc knight
 10294 | Bailey   | Noticed an orc knight
 10557 | D:7      | Learned a level 5 spell: Silence
 10803 | D:7      | Reached skill level 6 in Maces & Flails
 10803 | D:7      | Reached XP level 10. HP: 62/73 MP: 16/22
 11108 | D:7      | Reached skill level 5 in Fighting
 11108 | D:7      | Reached skill level 5 in Short Blades
 11108 | D:7      | Reached skill level 5 in Long Blades
 11108 | D:7      | Reached skill level 5 in Axes
 11108 | D:7      | Reached skill level 5 in Polearms
 11108 | D:7      | Reached skill level 5 in Staves
 11108 | D:7      | Reached skill level 5 in Slings
 11108 | D:7      | Reached skill level 5 in Bows
 11108 | D:7      | Reached skill level 5 in Crossbows
 11108 | D:7      | Reached skill level 5 in Throwing
 11108 | D:7      | Reached skill level 5 in Armour
 11108 | D:7      | Reached skill level 5 in Shields
 11108 | D:7      | Reached skill level 5 in Unarmed Combat
 11108 | D:7      | Reached skill level 5 in Evocations
 11499 | D:8      | Found Tije Ceg's General Store.
 11501 | D:8      | Found Baguzeng's Specific Store.
 11800 | D:8      | Identified the +9 long sword of Symmetry {holy, rN+}
 11805 | D:8      | Found Bomyepeh's Antique Armour Boutique.
 13117 | D:9      | Found the +4 skin of Zhor {*Englaciate rC+++ SInv}
 13133 | D:9      | Reached skill level 5 in Conjurations
 13133 | D:9      | Reached skill level 5 in Summonings
 13133 | D:9      | Reached skill level 5 in Translocations
 13140 | D:9      | Reached skill level 7 in Maces & Flails
 13256 | D:9      | Noticed a two-headed ogre
 13276 | D:9      | Killed a two-headed ogre
 13635 | D:9      | Reached XP level 11. HP: 81/81 MP: 15/24
 13963 | D:9      | Reached skill level 5 in Hexes
 13963 | D:9      | Reached skill level 5 in Necromancy
 13963 | D:9      | Reached skill level 5 in Transmutations
 13963 | D:9      | Reached skill level 5 in Fire Magic
 13963 | D:9      | Reached skill level 5 in Ice Magic
 13963 | D:9      | Reached skill level 5 in Air Magic
 13963 | D:9      | Reached skill level 5 in Earth Magic
 13963 | D:9      | Reached skill level 5 in Poison Magic
 14109 | D:9      | Reached skill level 8 in Maces & Flails
 14247 | D:9      | Found a staircase to the Lair.
 14270 | D:9      | Learned a level 5 spell: Irradiate
 14349 | D:10     | Entered Level 10 of the Dungeon
 14841 | D:10     | Noticed a cyclops
 14865 | D:10     | Killed a cyclops
 14992 | D:10     | Reached ** piety under Ashenzari
 15540 | D:10     | Learned a level 3 spell: Stone Arrow
 16165 | D:11     | Learned a level 4 spell: Summon Lightning Spire
 16170 | D:11     | Noticed a cyclops
 16179 | D:11     | Noticed a two-headed ogre
 16179 | D:11     | Killed a cyclops
 16187 | D:11     | Killed a two-headed ogre
 16260 | D:11     | Noticed a two-headed ogre
 16270 | D:11     | Killed a two-headed ogre
 16271 | D:11     | Reached skill level 9 in Maces & Flails
 16843 | D:11     | Noticed a centaur warrior
 16843 | D:11     | Noticed a centaur warrior
 16843 | D:11     | Noticed a boulder beetle
 16854 | D:11     | Killed a centaur warrior
 16855 | D:11     | Reached skill level 10 in Spellcasting
 16855 | D:11     | Reached XP level 12. HP: 55/89 MP: 23/26
 16856 | D:11     | Killed a centaur warrior
 16996 | D:11     | Killed a boulder beetle
 17085 | D:11     | Noticed a deep troll earth mage
 17304 | Lair:1   | Entered Level 1 of the Lair of Beasts
 18014 | Lair:1   | Found a snail-covered altar of Cheibriados.
 18180 | D:7      | Bought a ring of wizardry for 420 gold pieces
 18182 | D:7      | Reached *** piety under Ashenzari
 18662 | Lair:1   | Noticed a six-headed hydra
 18669 | Lair:1   | Killed a six-headed hydra
 18670 | Lair:1   | Reached skill level 10 in Maces & Flails
 19383 | Lair:2   | Found a staircase to the Shoals.
 19455 | Lair:2   | Found a runed translucent door.
 19461 | Lair:2   | Noticed a four-headed hydra
 19468 | Lair:2   | Killed a four-headed hydra
 19524 | Lair:2   | Noticed zeram's ghost (journeyman SpFi)
 19524 | Lair:2   | Identified the +7 falchion "Yxkei" {spect, rN+ Int+3}
 20197 | Lair:2   | Identified the +5 hunting sling of Dojor {freeze, Str+2
                  | Int+9}
 20472 | Lair:2   | Killed zeram's ghost
 20473 | Lair:2   | Reached XP level 13. HP: 98/98 MP: 23/27
 20812 | Lair:3   | Found a staircase to the Snake Pit.
 21540 | Lair:3   | Reached skill level 11 in Maces & Flails
 23021 | Lair:4   | Noticed Nergalle
 23036 | Lair:4   | Killed Nergalle
 23563 | Lair:4   | Reached **** piety under Ashenzari
 24433 | Lair:4   | Learned a level 6 spell: Iron Shot
 24609 | Lair:5   | Noticed Snorg
 24614 | Lair:5   | Killed Snorg
 25145 | Lair:5   | Reached skill level 10 in Dodging
 25145 | Lair:5   | Reached XP level 14. HP: 106/106 MP: 17/29
 25405 | Lair:5   | Reached skill level 12 in Maces & Flails
 25819 | Lair:5   | Found a staircase to the Slime Pits.
 26079 | Lair:6   | Entered Level 6 of the Lair of Beasts
 26125 | Lair:5   | Reached skill level 10 in Stealth
 26842 | Lair:6   | Found the +5 sword of Power {vorpal}
 26926 | Lair:6   | Reached skill level 10 in Invocations
 29877 | Lair:6   | Acquired the ring of Velaupn {rElec rN+ Will+ EV+4 Int+6
                  | Dex-3}
 30141 | Lair:6   | Reached skill level 13 in Maces & Flails
 30564 | D:11     | Identified the +7 mace of Adodithre {vorpal, rC+ Dex+7}
 30564 | D:11     | Identified the ring of Circularity {rC+ Will+ Stlth+}
 30765 | D:11     | Identified the Compendium of Air and Beguiling
 31126 | D:12     | Found a viscous altar of Jiyva.
 31131 | D:12     | Noticed a quicksilver ooze
 31132 | D:12     | Noticed an acid blob
 31133 | D:12     | Noticed an azure jelly
 31143 | D:12     | Reached XP level 15. HP: 120/120 MP: 17/32
 31239 | D:12     | Found a runed translucent gate.
 31239 | D:12     | Noticed an azure jelly
 31240 | D:12     | Found a runed translucent gate.
 31241 | D:12     | Found a runed translucent gate.
 31242 | D:12     | Noticed an acid blob
 31245 | D:12     | Noticed an azure jelly
 31245 | D:12     | Noticed an azure jelly
 31252 | D:12     | Noticed an acid blob
 31252 | D:12     | Noticed Xeikkuus's ghost (journeyman MiFi)
 31265 | D:12     | Noticed an acid blob
 31551 | D:12     | Found a staircase to the Orcish Mines.
 31632 | Orc:1    | Entered Level 1 of the Orcish Mines
 32046 | Orc:2    | Entered Level 2 of the Orcish Mines
 32051 | Orc:2    | Found Xituuf's Antique Weapon Emporium.
 32142 | Orc:2    | Noticed Jorgrun
 32152 | Orc:2    | Killed Jorgrun
 32340 | Orc:2    | Found a staircase to the Elven Halls.
 32609 | Orc:2    | Found a dark tunnel.
 32622 | Volcano  | Entered a volcano
 32645 | Volcano  | Reached skill level 10 in Fighting
 32645 | Volcano  | Reached skill level 10 in Short Blades
 32645 | Volcano  | Reached skill level 10 in Long Blades
 32645 | Volcano  | Reached skill level 10 in Axes
 32645 | Volcano  | Reached skill level 10 in Polearms
 32645 | Volcano  | Reached skill level 10 in Staves
 32645 | Volcano  | Reached skill level 10 in Slings
 32645 | Volcano  | Reached skill level 10 in Bows
 32645 | Volcano  | Reached skill level 10 in Crossbows
 32645 | Volcano  | Reached skill level 10 in Throwing
 32645 | Volcano  | Reached skill level 10 in Armour
 32645 | Volcano  | Reached skill level 10 in Shields
 32645 | Volcano  | Reached skill level 10 in Unarmed Combat
 32645 | Volcano  | Reached skill level 10 in Evocations
 32649 | Volcano  | Found a bloodstained altar of Trog.
 33472 | Orc:2    | Found Uzimi's Jewellery Emporium.
 33542 | Orc:2    | Found Deammu's Antique Armour Emporium.
 33568 | Orc:2    | Noticed Rupert
 33585 | Orc:2    | HP: 5/120 [poisoned by Rupert]
 33598 | Orc:2    | HP: 6/120 [poisoned by Rupert]
 33646 | Orc:2    | Noticed Saint Roka
 34043 | Orc:2    | Learned a level 7 spell: Spellforged Servitor
 34089 | Orc:2    | Killed Rupert
 34099 | Orc:2    | HP: 6/120 [poisoned by Rupert]
 34859 | Orc:2    | Killed Saint Roka
 35085 | Orc:2    | Found Mueffuoho's General Store.
 35844 | D:13     | Found a gate leading to a gauntlet.
 35852 | Gauntlet | Entered a Gauntlet
 35852 | Gauntlet | Found a runed translucent door.
 35852 | Gauntlet | Found a transporter.
 35852 | Gauntlet | Found a runed translucent door.
 35852 | Gauntlet | Found a transporter.
 35853 | Gauntlet | Found a runed translucent door.
 35865 | Gauntlet | Identified the ring "Qonitiej" {Contam rF+ Will+ Str+6}
 35868 | Gauntlet | Found a transporter.
 35883 | Gauntlet | Found a transporter.
 35883 | Gauntlet | Found a transporter.
 35883 | Gauntlet | Found a transporter.
 35885 | Gauntlet | Found a transporter.
 35885 | Gauntlet | Found a transporter.
 35887 | Gauntlet | Identified the +0 pair of gloves of Privacy {rN+++ Str+5
                  | Int-3}
 35896 | Gauntlet | Found a transporter.
 35912 | Gauntlet | Found a runed translucent door.
 35913 | Gauntlet | Found a transporter.
 35913 | Gauntlet | Identified the ring of Qyluq {rF+ rC+ rN++ Str+6 Int-2}
 35914 | Gauntlet | Found a runed translucent door.
 35923 | Gauntlet | Found a transporter.
 35938 | Gauntlet | Found a transporter.
 35957 | Gauntlet | Found a transporter.
 35970 | Gauntlet | Found a transporter.
 36300 | D:13     | Reached skill level 14 in Maces & Flails
 36730 | D:13     | Identified the +0 ring mail of Xucebron {MP-9 Dex+4 Slay+4
                  | Stlth+}
 37413 | D:13     | Reached XP level 16. HP: 121/131 MP: 26/35
 37699 | Snake:1  | Entered Level 1 of the Snake Pit
 38321 | Snake:1  | Reached ***** piety under Ashenzari
 39061 | Snake:2  | Found a frozen archway.
 39112 | IceCv    | Entered an ice cave
 39860 | IceCv    | Identified the ring of Autumn {Will+ Slay+5}
 39860 | IceCv    | Identified the ring "Zomogen" {Contam rElec rPois Str+6
                  | Stlth+}
 39862 | IceCv    | Noticed a golden dragon
 39933 | IceCv    | Killed a golden dragon
 40956 | Snake:2  | Reached skill level 15 in Maces & Flails
 41649 | Snake:2  | Found Emeig's Jewellery Boutique.
 41649 | Snake:2  | Found Otudel's Book Shoppe.
 41650 | Snake:2  | Found Bugah's Jewellery Boutique.
 41666 | Snake:2  | Bought a book of Beasts for 722 gold pieces
 41675 | Snake:2  | Learned a level 7 spell: Monstrous Menagerie
 42142 | Snake:3  | Reached XP level 17. HP: 139/139 MP: 34/37
 42985 | Snake:3  | Noticed Mara
 43032 | Snake:3  | Killed Mara
 43033 | Snake:3  | Reached skill level 10 in Conjurations
 43033 | Snake:3  | Reached skill level 10 in Summonings
 43033 | Snake:3  | Reached skill level 10 in Translocations
 43995 | Snake:4  | Entered Level 4 of the Snake Pit
 44295 | Snake:4  | Noticed Vashnia
 44329 | Snake:4  | Killed Vashnia
 44728 | Snake:4  | Reached skill level 10 in Hexes
 44728 | Snake:4  | Reached skill level 10 in Necromancy
 44728 | Snake:4  | Reached skill level 10 in Transmutations
 44728 | Snake:4  | Reached skill level 10 in Fire Magic
 44728 | Snake:4  | Reached skill level 10 in Ice Magic
 44728 | Snake:4  | Reached skill level 10 in Air Magic
 44728 | Snake:4  | Reached skill level 10 in Earth Magic
 44728 | Snake:4  | Reached skill level 10 in Poison Magic
 44800 | Snake:4  | Reached skill level 16 in Maces & Flails
 45196 | Snake:4  | Found Muirol's Distillery.
 46454 | Snake:4  | Learned a level 8 spell: Lehudib's Crystal Spear
 47363 | Snake:4  | Reached XP level 18. HP: 118/153 MP: 20/40
 47811 | Snake:4  | Got a serpentine rune of Zot
 48030 | Snake:4  | Bought a potion of resistance for 140 gold pieces
 48030 | Snake:4  | Bought a potion of curing for 42 gold pieces
 48030 | Snake:4  | Bought a potion of curing for 42 gold pieces
 48030 | Snake:4  | Bought a potion of curing for 42 gold pieces
 48030 | Snake:4  | Bought a potion of curing for 42 gold pieces
 48125 | Shoals:1 | Entered Level 1 of the Shoals
 48858 | Shoals:1 | Found Miagaggili's General Store.
 50659 | Shoals:2 | Found a large runed translucent door.
 50660 | Shoals:2 | Found a large runed translucent door.
 50660 | Shoals:2 | Found Gayl's Goods Gallery.
 50660 | Shoals:2 | Identified the Catalogue of Combat Magic and the Oath
 51113 | Shoals:2 | Reached skill level 17 in Maces & Flails
 51681 | Shoals:2 | Noticed qdestroyer's ghost (journeyman MiFi)
 53651 | Shoals:4 | Entered Level 4 of the Shoals
 53900 | Shoals:4 | Reached XP level 19. HP: 156/161 MP: 29/41
 54381 | Shoals:4 | Identified Sif Muna's Reference Book on Damaging Cold
 54395 | Shoals:4 | Learned a level 7 spell: Haunt
 54533 | Shoals:4 | Reached ****** piety under Ashenzari
 55013 | Shoals:4 | Got a barnacled rune of Zot
 55109 | Shoals:4 | Found the +8 frozen axe "Frostbite" {freezing cloud, *Noise
                  | Fly rC+}
 56043 | Elf:1    | Entered Level 1 of the Elven Halls
 56178 | Elf:1    | Found Josiawn's Distillery.
 56896 | Elf:1    | Paralysed by an air elemental for 1 turns
 58071 | Elf:2    | Found a runed translucent gate.
 58072 | Elf:2    | Found a runed translucent gate.
 58073 | Elf:2    | Found a runed translucent gate.
 58131 | Elf:2    | Reached skill level 18 in Maces & Flails
 58137 | Elf:2    | Acquired 897 gold pieces
 58342 | Elf:3    | Entered Level 3 of the Elven Halls
 58977 | Elf:3    | Reached skill level 15 in Spellcasting
 59109 | Elf:3    | Noticed a Brimstone Fiend
 59489 | Elf:3    | Identified the ring "Wumui" {rCorr Str+6}
 59518 | Elf:3    | Reached XP level 20. HP: 153/178 MP: 10/46
 59756 | Elf:3    | Identified the ring of the Stallion {rElec rPois Dex+6
                  | Slay+3}
 60514 | Elf:3    | Identified the +8 morningstar of Dim Light {holy, *Noise
                  | +Blink rCorr Int+3}
 60514 | Elf:3    | Identified the amulet "Ipanenurac" {rC+ Regen+ rCorr Slay+3
                  | SInv}
 60539 | Elf:3    | Identified the +7 shortbow of Conversion {vorpal, rElec rN+
                  | SInv}
 60540 | Elf:3    | Identified the Incunabulum of Damaging Snow
 60540 | Elf:3    | Identified the Tome of the Modern Defenders
 60541 | Elf:3    | Found the +0 staff of Battle
 60554 | Elf:3    | Identified the +6 hand crossbow "Koadoyru" {freeze, Dex+5}
 60858 | D:14     | Found a stormy altar of Qazlal.
 61662 | D:14     | Found a large runed translucent door.
 62379 | D:14     | Found a gate to the Vaults.
 62523 | D:14     | Found a large runed translucent door.
 62527 | D:14     | Noticed Ytheofip's ghost (journeyman FoFi)
 62527 | D:14     | Identified Cifyib's Almanac of the Escort and Moulding
 62540 | D:14     | Killed Ytheofip's ghost
 62778 | D:15     | Entered Level 15 of the Dungeon
 62795 | D:15     | Reached skill level 15 in Invocations
 63166 | D:15     | Found a hide-covered altar of Uskayaw.
 63212 | D:15     | Found a glowing golden altar of the Shining One.
 63213 | D:15     | Found a sparkling altar of Nemelex Xobeh.
 63845 | D:15     | Reached skill level 19 in Maces & Flails
 64844 | D:15     | Reached XP level 21. HP: 167/186 MP: 31/47
 64852 | D:15     | Identified the +10 mace of Ugoqucat {drain, rElec rF+ Str+6
                  | Dex-4}
 65101 | D:15     | Upgraded the game from 0.28.0-43-g3370ac3207 to
                  | 0.28.0-45-g0d030f2227
 65101 | D:15     | Upgraded the game from 0.28.0-45-g0d030f2227 to
                  | 0.28.0-53-g5a82cb258f
 65101 | D:15     | Quit the game

Illustrated notes

Levels and vault maps discovered:
D:1:      arrival_zaba_pyramid, layout_basic
D:2:      layout_loops_ring, hellmonk_ecumenical_altar_arch_garden
D:3:      layout_rooms
D:4:      layout_basic, fedhas_altar_2, serial_shops,
          nicolae_shop_hallway_stairs, uniq_menkaure
D:5:      layout_cave_pools, minmay_temple_entry_overgrown, serial_bayou,
          serial_bayou_shore_a, serial_bayou_crossing, serial_bayou_pond_e,
          serial_bayou_pond_b, grunt_decor_mini_mirrors, minmay_manual_mess
D:6:      layout_cave_pools
D:7:      layout_cave_pools, serial_shops, nicolae_shop_crystal, enter_bailey_3,
          minmay_fractal_squares_5
D:8:      layout_basic, nrook_uturn, nicolae_specific_store,
          minmay_crystal_room, nicolae_take_the_stairs
D:9:      layout_rooms, lair_entry_dummy, chequers_serial_rivers_micro_c,
          kennysheep_generic_room_7
D:10:     layout_small_grid
D:11:     minmay_shrinking_squares, layout_basic
D:12:     layout_cave_pools, orc_0_dummy, gammafunk_ghost_ooze,
          serial_column_ruins, column_ruins_hut, column_ruins_hut,
          column_ruins_columns_plus, column_ruins_open_medium,
          column_ruins_open_tiny, column_ruins_open_large,
          column_ruins_open_tiny
D:13:     layout_roguey, gauntlet_entry_generic, minmay_alternating_orb
D:14:     minmay_triangles_in_corner, layout_loops_corners, david_vaults_4,
          nicolae_qazlal_scattered_showers, ebering_ghost_disaster_area,
          st_stairs_4
D:15:     hangedman_slaughterboxes, uniq_azrael, uniq_nessos
Temple:   mainiacjoe_temple_archimedes_tessellation
Lair:1:   layout_hall_layers, kennysheep_snail_temple
Lair:2:   layout_loops_ring, minmay_shoals_entry_lonely_mermaid,
          ebering_ghost_reflecting_pool, serial_bayou_lagoon_b
Lair:3:   layout_misc_corridors, minmay_snake_entry_guardpost_large,
          serial_bayou_pond_b, nzn_random_ring
Lair:4:   minmay_lair_venomous_thicket, layout_long_grid, ice2_lemuel,
          grunt_megastairs_2, uniq_nergalle
Lair:5:   layout_gridlike, minmay_slime_entry_oklob_enclosed, uniq_snorg
Lair:6:   guppyfry_lair_end_dragon, layout_gridlike,
          hangedman_lair_caniforms_friends, small_statue_intersection,
          st_stairs_6
Shoals:1: layout_shoals, serial_shops, shop
Shoals:2: layout_shoals, ebering_ghost_disaster_area, shoals_oasis,
          abandoned_shop, nicolae_alphabet_shops
Shoals:3: layout_shoals
Shoals:4: shoals_end_grunt_ice, layout_shoals
Snake:1:  layout_misc_corridors
Snake:2:  layout_onion, portal_ice_cave_entry_pillars_three, st_stairs_1,
          grunt_megastairs_1, minmay_shop_grove
Snake:3:  layout_honeycomb, st_stairs_4, uniq_mara
Snake:4:  grunt_snake_rune_pools, layout_gridlike, serial_shops,
          nicolae_shop_statue_plus, uniq_vashnia
Orc:1:    layout_caves, nicolae_orc_lava_room
Orc:2:    grunt_orc_gardens, layout_diamond_mine, grunt_orc_garden,
          grunt_orc_garden, grunt_orc_garden, grunt_orc_garden,
          nicolae_volcano_entry_lava_flow, mines2_david, uniq_saint_roka,
          uniq_rupert, uniq_jorgrun
Elf:1:    eino_elf_arrival_the_gate, layout_loops_corners,
          serial_co_window_serial, co_window_paths_a, co_window_paths_a,
          co_window_cross_1, co_window_paths_a, co_window_paths_a,
          co_window_cross_2, co_window_unsneaky_path_b, co_window_corner_ca,
          glass_columns_b, glass_columns_a, glass_columns_a, glass_columns_c,
          serial_shops, shop
Elf:2:    elven_hall_of_blades_hangedman_original
          [nicolae_blade_entry_pointy_end], layout_rooms
Elf:3:    elf_hall, layout_gridlike

Skill      XL: |  1  2  3  4  5  6  7  8  9 10 11 12 13 14 15 16 17 18 19 20 |
---------------+-------------------------------------------------------------+-----
Conjurations   | 2 3 4 5 6 7 8 9 10 11 12 | 12.2
Summonings     | 2 3 4 5 6 7 8 9 10 11 12 | 12.2
Translocations | 2 3 4 5 6 7 8 9 10 11 12 | 12.2
Invocations    | 1 2 3 4 5 6 7 8 9 10 11 12 13 14 15 | 15.3
Fighting       | 1 2 3 4 5 6 7 8 9 10 11 12 13 14 | 14.1
Short Blades   | 1 2 3 4 5 6 7 8 9 10 11 12 13 14 | 14.1
Long Blades    | 1 2 3 4 5 6 7 8 9 10 11 12 13 14 | 14.1
Axes           | 1 2 3 4 5 6 7 8 9 10 11 12 13 14 | 14.1
Maces & Flails | 1 2 4 6 7 9 10 11 13 14 15 16 17 18 19 | 19.2
Polearms       | 1 2 3 4 5 6 7 8 9 10 11 12 13 14 | 14.1
Staves         | 1 2 3 4 5 6 7 8 9 10 11 12 13 14 | 14.1
Slings         | 1 2 3 4 5 6 7 8 9 10 11 12 13 14 | 14.1
Bows           | 1 2 3 4 5 6 7 8 9 10 11 12 13 14 | 14.1
Crossbows      | 1 2 3 4 5 6 7 8 9 10 11 12 13 14 | 14.1
Throwing       | 1 2 3 4 5 6 7 8 9 10 11 12 13 14 | 14.1
Armour         | 1 2 3 4 5 6 7 8 9 10 11 12 13 14 | 14.1
Shields        | 1 2 3 4 5 6 7 8 9 10 11 12 13 14 | 14.1
Unarmed Combat | 1 2 3 4 5 6 7 8 9 10 11 12 13 14 | 14.1
Evocations     | 1 2 3 4 5 6 7 8 9 10 11 12 13 14 | 14.1
Hexes          | 1 2 3 4 5 6 7 8 9 10 11 12 | 12.0
Necromancy     | 1 2 3 4 5 6 7 8 9 10 11 12 | 12.0
Transmutations | 1 2 3 4 5 6 7 8 9 10 11 12 | 12.0
Fire Magic     | 1 2 3 4 5 6 7 8 9 10 11 12 | 12.0
Ice Magic      | 1 2 3 4 5 6 7 8 9 10 11 12 | 12.0
Air Magic      | 1 2 3 4 5 6 7 8 9 10 11 12 | 12.0
Earth Magic    | 1 2 3 4 5 6 7 8 9 10 11 12 | 12.0
Poison Magic   | 1 2 3 4 5 6 7 8 9 10 11 12 | 12.0
Dodging        | 5 6 7 8 9 10 11 12 13 14 | 14.8
Stealth        | 5 6 7 8 9 10 11 12 13 14 | 14.7
Spellcasting   | 8 9 10 11 12 13 14 15 | 15.7

Action                   |  1- 3 |  4- 6 |  7- 9 | 10-12 | 13-15 | 16-18 | 19-21 || total
-------------------------+-------+-------+-------+-------+-------+-------+-------++-------
Melee: Dagger            |    21 |       |       |       |       |       |       ||    21
       Bite              |     3 |     6 |    28 |    30 |    55 |    41 |    35 ||   198
       Whip              |    20 |    16 |       |       |       |       |       ||    36
       Falchion          |       |    41 |   112 |    12 |       |       |       ||   165
       Punch             |       |       |     6 |    12 |    31 |     3 |       ||    52
       Rapier            |       |       |    83 |   220 |   256 |     7 |       ||   566
       Spear             |       |       |       |    78 |    81 |       |       ||   159
       Mace              |       |       |       |       |   109 |   269 |   224 ||   602
Throw: Dart              |       |       |     7 |    10 |     1 |       |       ||    18
 Cast: Magic Dart        |    82 |   138 |   217 |   318 |   279 |   245 |    51 ||  1330
       Blink             |     1 |     3 |     2 |       |    15 |     4 |       ||    25
       Call Imp          |     1 |     2 |       |     1 |    16 |    10 |       ||    30
       Mephitic Cloud    |       |     1 |     8 |     9 |     8 |     9 |    15 ||    50
       Conjure Flame     |       |       |    14 |    13 |     7 |       |     1 ||    35
       Stone Arrow       |       |       |       |    63 |    69 |    13 |    15 ||   160
       Summon Lightning  |       |       |       |    17 |   106 |   140 |    89 ||   352
       Iron Shot         |       |       |       |       |   137 |    76 |    82 ||   295
       Irradiate         |       |       |       |       |     2 |       |       ||     2
       Spellforged Servi |       |       |       |       |    10 |    61 |    50 ||   121
       Monstrous Menager |       |       |       |       |       |    18 |    10 ||    28
       Haunt             |       |       |       |       |       |       |    53 ||    53
Invok: Curse Item        |       |       |     2 |     3 |     5 |     2 |     2 ||    14
       Shatter the Chain |       |       |       |     1 |     2 |     1 |     1 ||     5
Evoke: Wand              |       |       |     8 |     3 |     2 |     1 |       ||    14
       Phantom mirror    |       |       |       |       |     2 |     1 |       ||     3
       Box of beasts     |       |       |       |       |     1 |     2 |       ||     3
       Lightning rod     |       |       |       |       |     1 |     2 |       ||     3
       Condenser vane    |       |       |       |       |       |     2 |       ||     2
  Use: Scroll            |     1 |     2 |     6 |     4 |    11 |     6 |     2 ||    32
       Potion            |       |       |     2 |     2 |     9 |     5 |       ||    18
 Stab: Confused          |       |       |     3 |     2 |     2 |     1 |     1 ||     9
       Distracted        |       |       |       |     1 |     7 |    12 |     7 ||    27
       Sleeping          |       |       |       |       |       |     2 |       ||     2
Armor: Robe              |     3 |       |       |       |       |       |       ||     3
       Leather armour    |    10 |    23 |    52 |    65 |    96 |    55 |    29 ||   330
Dodge: Dodged            |    15 |    51 |   140 |   158 |   312 |   371 |   179 ||  1226
Block: Kite shield       |       |       |       |       |       |   367 |   162 ||   529
